Map: Bridgehead LE (Void)

Players

wabbajack

  • Race: Zerg Zerg
  • League: Gold

Fishtank - Winner!

  • Race: Zerg Zerg
  • League: Grandmaster

VOD

Have the link to the VOD?

Description

Time

  • Played on: July 21, 2015, 7:45 p.m.
  • Length: 6:04
Show
View Real Time Build Order
Export as new Build Order

wabbajack Zerg 

Build Orders: Hatch First 

Get SALT Encoding   

  12  0:01  Drone  
  13  0:08  Drone  
  14  0:17  Overlord  
  14  0:30  Extractor  
  14  0:31  Drone  
  14  0:32  Drone, Extractor  
  16  0:37  Drone  
  17  0:44  Drone  
  18  0:54  Extractor  
  17  1:01  Hatchery  
  17  1:03  Drone  
  17  1:22  Spawning Pool  
  16  1:27  Drone  
  16  1:28  Drone  
  16  1:32  Drone  
  19  1:38  Drone  
  20  1:41  Extractor  
  19  1:50  Drone  
  20  2:00  Overlord  
  20  2:11  Queen  
  20  2:12  Queen  
  24  2:19  Metabolic Boost  
  24  2:24  Drone  
  24  2:25  Drone  
  24  2:29  Zergling x2  
  27  2:32  Zergling x2  
  28  2:46  Baneling Nest  
  27  2:51  Pneumatized Carapace  
  27  3:08  Overlord  
  27  3:10  Zergling x2  
  27  3:11  Zergling x6  
  27  3:12  Zergling x2  
  32  3:30  Spine Crawler  
  31  3:34  Roach Warren  
  31  3:36  Drone  
  31  3:37  Drone x2  
  31  3:38  Drone x2  
  31  3:40  Drone  
  36  3:44  Drone  
  36  3:48  Drone  
  32  4:20  Overlord x2  
  32  4:21  Roach  
  32  4:22  Roach x5  
  32  4:23  Zergling x2  
  44  4:31  Spine Crawler  
  24  5:18  Drone x11  
  24  5:19  Drone x2  
  35  5:42  Spine Crawler  
  35  5:47  Drone, Spine Crawler  
  35  5:48  Drone x6  
Show
View Real Time Build Order
Export as new Build Order

Fishtank Zerg - Winner!

Build Orders: Pool First, Zergling Baneling 

Get SALT Encoding   

  12  0:05  Drone  
  13  0:11  Drone  
  14  0:18  Overlord  
  14  0:37  Drone x2  
  14  0:38  Drone  
  17  0:48  Drone  
  18  0:52  Spawning Pool  
  18  0:54  Extractor  
  16  0:59  Drone  
  17  1:10  Drone  
  17  1:31  Drone x2  
  19  1:39  Hatchery  
  18  1:42  Queen  
  20  1:50  Overlord  
  20  1:54  Drone  
  21  2:03  Drone  
  22  2:17  Drone  
  22  2:19  Metabolic Boost  
  23  2:24  Baneling Nest  
  23  2:25  Drone  
  23  2:28  Queen  
  25  2:41  Drone  
  26  2:48  Drone  
  27  2:53  Drone  
  27  2:54  Zergling x2  
  27  2:55  Zergling x6  
  32  3:01  Zergling x2  
  33  3:09  Zergling x2  
  33  3:12  Zergling x2  
  35  3:18  Overlord  
  35  3:26  Zergling x2  
  36  3:45  Zergling x8  
  36  3:46  Zergling x6  
  43  3:54  Baneling x4  
  43  3:58  Baneling x3  
  43  4:00  Zergling x2  
  39  4:22  Zergling x10  
  44  4:25  Overlord x2  
  44  4:33  Baneling x6  
  44  4:34  Baneling  
  44  4:38  Hatchery  
  33  5:06  Zergling x8  
  33  5:07  Zergling x18  
  41  5:38  Baneling x3  
Tags
 
Add a new tag
Caveats
  • Supply blocks, unpowered buildings, or Contaminate may cause inaccurate times.
  • Supply counts are checked every 10 seconds.